 Dungeon Crawl Stone Soup version 0.31.0-32-g396128a36d (webtiles) character file.

Game seed: 1639121762482651124

3675 Gabide the Reanimator (level 9, -20/71 HPs)
             Began as a Demigod Necromancer on Apr 18, 2024.
             Demolished by a two-headed ogre
             ... wielding a +0 giant club
              (27 damage)
             ... on level 9 of the Dungeon.
             The game lasted 00:30:58 (10657 turns).

Gabide the Reanimator (Demigod Necromancer)        Turns: 10657, Time: 00:30:59

Health: -20/71     AC:  8    Str:  9    XL:     9   Next: 59%
Magic:  19/23      EV: 13    Int: 41    God:
Gold:   447        SH:  0    Dex: 14    Spells: 9/22 levels left

rFire   . . .        a - +4 short sword (holy)
rCold   . . .        (no shield)
rNeg    . . .        b - +0 steam dragon scales
rPois   .            (no helmet)
rElec   .            f - +2 cloak
rCorr   .            (no gloves)
SInv    .            (no boots)
Will    .....        (no amulet)
Stlth   ++           o - +6 ring of intelligence
HPRegen 0.31/turn    D - +6 ring of intelligence
MPRegen 0.18/turn

%: no passive effects
@: about to teleport, animating dead
A: high MP 1, forlorn, divine attributes
a: no special abilities


You were on level 9 of the Dungeon.
You visited 2 branches of the dungeon, and saw 10 of its levels.

You collected 447 gold pieces.

Inventory:

Hand Weapons
 a - a +4 short sword of holy wrath (weapon)
 E - a +2 heavy bardiche
Missiles
 H - 3 throwing nets
Armour
 b - +0 steam dragon scales (worn)
 f - a +2 cloak (worn)
 h - an orb of light
 z - a +1 ring mail of fire resistance
Jewellery
 d - a ring of willpower
 i - a ring of positive energy
 o - a +6 ring of intelligence (left hand)
 r - a ring of wizardry
 s - a +5 ring of evasion
 t - a ring of flight
 D - a +6 ring of intelligence (right hand)
Wands
 B - a wand of flame (6)
 G - a wand of polymorph (5)
Scrolls
 e - a scroll of vulnerability
 q - 5 scrolls of teleportation
 y - a scroll of poison
Potions
 c - a potion of magic
 g - a potion of might {unknown}
 j - a potion of curing
 k - 2 potions of lignification
 l - 2 potions of enlightenment
 m - a potion of mutation
 n - a potion of cancellation {unknown}
 p - a potion of haste {unknown}
 u - 2 potions of heal wounds {unknown}
 v - a potion of ambrosia {unknown}
 w - a potion of brilliance {unknown}
 x - a potion of berserk rage
 A - 2 potions of invisibility
 C - a potion of attraction {unknown}


   Skills:
 + Level 3.9 Fighting
 + Level 3.9 Short Blades
 - Level 3.0 Dodging
 - Level 3.0 Stealth
 * Level 7.0 Spellcasting
 * Level 3.3 Summonings
 * Level 8.3 Necromancy


You had 9 spell levels left.
You knew the following spells:

 Your Spells              Type           Power      Damage    Failure   Level
a - Necrotise             Necr           100%       1d9       1%          1
b - Vampiric Draining     Necr           70%        2d11      1%          3
c - Animate Dead          Necr           70%        N/A       1%          4
d - Curse of Agony        Necr           70%        N/A       1%          5

Your spell library contained the following spells:

 Spells                   Type           Power      Damage    Failure   Level
 Foxfire                  Conj/Fire      56%        2x1d6     2%          1
 Slow                     Hex            56%        N/A       2%          1
 Mercury Vapours          Alch/Air       28%        N/A       3%          2
 Momentum Strike          Conj/Tloc      28%        3d8       3%          2
 Confusing Touch          Hex            14%        N/A       7%          3
 Mephitic Cloud           Conj/Alch/Air  14%        N/A       7%          3
 Sigil of Binding         Hex            14%        N/A       7%          3
 Fireball                 Conj/Fire      7%         3d5       52%         5
 Freezing Cloud           Conj/Ice/Air   7%         6-21      52%         5
 Haunt                    Necr/Summ      29%        N/A       86%         7
 Dispersal                Tloc           7%         N/A       98%         6
 Infestation              Necr           35%        N/A       99%         8


Dungeon Overview and Level Annotations

Branches:
Dungeon (9/15)             Temple (1/1) D:4
   Lair: D:8-11         Orc: D:9-12

Shops:
D:8 *

Annotations:
D:8 2 transporters


Innate Abilities, Weirdness & Mutations

You have an increased reservoir of magic. (+10% MP)
You shall have no god before yourself.
Your divine heritage dramatically boosts your attributes as you level up.


Message History

The bolt of electricity hits you!
* * * LOW HITPOINT WARNING * * *
Casting: Necrotise (safe; 1% risk of failure)
Confirm with . or Enter, or press ? or * to list all spells.
Aiming: Necrotise (safe; 1% risk of failure)
Press: ? - help, Shift-Dir - straight line, f/p - electric eel
Aim: an electric eel (almost dead, chance to affect: 88%)
The electric eel writhes in agony.
Unknown command.
Casting: Necrotise (safe; 1% risk of failure)
Confirm with . or Enter, or press ? or * to list all spells.
Aiming: Necrotise (safe; 1% risk of failure)
Press: ? - help, Shift-Dir - straight line, f/p - electric eel
Aim: an electric eel (almost dead, chance to affect: 88%)
The electric eel writhes in agony.
You kill the electric eel!
Unknown command.
Unknown command.
Aiming: Throw Flame
Press: ? - help, Shift-Dir - straight line, f - two-headed ogre
Aim: a two-headed ogre, wielding a +0 giant club and a +0 giant spiked club (85% to hit)
The puff of flame hits the two-headed ogre.
The two-headed ogre is lightly wounded.
The two-headed ogre is engulfed in a cloud of scalding steam.
As you read the scroll of teleportation, it crumbles to dust.
You feel strangely unstable.
The two-headed ogre is engulfed in poison gas.
The two-headed ogre is poisoned.
Unknown command.
Aiming: Vampiric Draining (safe; 1% risk of failure)
Press: ? - help, Q - select action, (/) - cycle Shift-Dir - straight line, f/p - two-headed ogre
Aim: a two-headed ogre, wielding a +0 giant club and a +0 giant spiked club (poison gas, moderately wounded, poisoned)
You draw life force from the two-headed ogre!
You feel life coursing into your body!
The two-headed ogre is engulfed in poison gas.
The two-headed ogre looks even sicker.
The two-headed ogre hits you with a +0 giant club!
* * * LOW HITPOINT WARNING * * *
The two-headed ogre hits you with a +0 giant spiked club!!
You die...

○○☼§☼☼○○○§☼§§☼§
.§§§°°☼§§°○§§○§☼
~☼§☼☼°○°§§§§§§§°
...☼§○○☼§~§§§§§☼§○
...☼§☼☼§..§○§§○☼☼§
.~.°○§○§§~☼§☼§§○§○
...§○§☼°§°○○○§°§§§
.○§°☼°☼§@O○~§§§§
§§§§§#§######§§
###.##§# #..○°#
#####+#.°###
#..<...§☼##.
#.#...§§$..... #
#..○§§##[...
#.##### ...>.


You could see a two-headed ogre (very poisoned).

Vanquished Creatures
  A cyclops (D:8)
  2 steam dragons (D:8)
  Menkaure (D:6)
  A water moccasin (D:5)
  An orc warrior (D:7)
  2 ice beasts (D:7)
  3 ogres
  2 black bears (D:6)
  2 kobold brigands
  2 centaurs
  Blork the orc (D:5)
  2 bullfrogs
  5 scorpions
  5 wights (D:7)
  An electric eel (D:9)
  A howler monkey (D:6)
  2 jellies
  2 orc priests
  3 hounds
  A sleepcap (D:7)
  2 iguanas (D:5)
  4 orc wizards (D:6)
  7 adders
  2 white imps
  2 dart slugs
  3 ribbon worms
  10 orcs
  6 bats
  6 endoplasms
  A giant cockroach (D:3)
  4 goblins
  7 hobgoblins
  3 jackals (D:5)
  3 quokkas
  10 ball pythons
  2 frilled lizards (D:3)
  18 kobolds
  6 rats
136 creatures vanquished.

Vanquished Creatures (collateral kills)
  A water moccasin (D:6)
  An ice beast (D:8)
  A kobold brigand (D:8)
  2 wights (D:7)
  3 adders (D:6)
  A hobgoblin (D:4)
  A jackal (D:5)
  2 kobolds (D:8)
12 creatures vanquished.

Vanquished Creatures (others)
  An orc wizard (D:6)
  2 ogre zombies
  A hound zombie (D:6)
  An iguana zombie (D:5)
  2 adder zombies (D:6)
  2 jackal zombies (D:5)
  A kobold (D:9)
  11 kobold zombies
  4 orc zombies
  A quokka zombie (D:5)
26 creatures vanquished.

Grand Total: 174 creatures vanquished

Notes
Turn   | Place    | Note
-------+----------+-------------------------------------------
     0 | D:1      | Gabide the Demigod Necromancer began the quest for the Orb.
     0 | D:1      | Reached XP level 1. HP: 14/14 MP: 5/5
   261 | D:1      | Reached XP level 2. HP: 20/20 MP: 1/7
  1232 | D:2      | Reached skill level 4 in Necromancy
  1232 | D:2      | Reached XP level 3. HP: 27/27 MP: 4/8
  1564 | D:2      | Learned a level 3 spell: Vampiric Draining
  3096 | D:3      | Noticed a centaur
  3103 | D:3      | Killed a centaur
  3104 | D:3      | Reached skill level 1 in Fighting
  3104 | D:3      | Reached skill level 1 in Short Blades
  3104 | D:3      | Reached XP level 4. HP: 20/35 MP: 4/10
  3204 | D:3      | Reached XP level 5. HP: 40/40 MP: 6/12
  3377 | D:3      | Learned a level 4 spell: Animate Dead
  3618 | D:4      | Noticed an ogre
  4092 | D:4      | Killed an ogre
  4326 | D:4      | Noticed an ogre
  4333 | D:4      | Killed an ogre
  4334 | D:4      | Reached XP level 6. HP: 48/48 MP: 4/13
  4757 | D:4      | Found a staircase to the Ecumenical Temple.
  4885 | Temple   | Entered the Ecumenical Temple
  5007 | D:5      | Entered Level 5 of the Dungeon
  5117 | D:5      | Reached skill level 5 in Necromancy
  5429 | D:5      | Noticed Blork the orc
  5441 | D:5      | Reached XP level 7. HP: 55/55 MP: 0/15
  5450 | D:5      | Killed Blork the orc
  6208 | D:6      | Reached skill level 6 in Necromancy
  6341 | D:6      | Reached XP level 8. HP: 17/63 MP: 0/18
  6418 | D:6      | Reached skill level 5 in Spellcasting
  6521 | D:6      | Noticed Menkaure
  6528 | D:6      | Killed Menkaure
  6529 | D:6      | Reached skill level 7 in Necromancy
  7994 | D:7      | Got Sif Muna's Folio of Calescent Topology
  8075 | D:7      | Reached skill level 1 in Summonings
  8178 | D:7      | Reached XP level 9. HP: 47/68 MP: 22/22
  8251 | D:7      | Learned a level 5 spell: Curse of Agony
  9606 | D:8      | Found a transporter.
  9613 | D:8      | Found Muoskef's General Store.
  9669 | D:8      | Reached skill level 8 in Necromancy
  9782 | D:8      | Found a transporter.
 10064 | D:8      | Noticed a cyclops
 10080 | D:8      | Killed a cyclops
 10646 | D:9      | Noticed a two-headed ogre
 10657 | D:9      | Demolished by a two-headed ogre

Illustrated notes

Levels and vault maps discovered:
D:1:      dpeg_arrival_pits, layout_basic, minmay_close_crescents
D:2:      layout_basic, chequers_ecumenical_altar_island, basic_altar,
          minmay_misc_feat_hallway
D:3:      layout_loops_corners, lemuel_round_altar
D:4:      layout_basic, fedhas_ov_isle_minmay,
          minmay_temple_entry_gardened_gates, nicolae_twisty_statue_hallways
D:5:      layout_rooms, uniq_blork_the_orc
D:6:      layout_cave_pools, led_sif_book, kennysheep_boxes, uniq_menkaure
D:7:      layout_basic, nicolae_ru_sacrificial_ziggurat, trog_hazing_becter,
          lightli_temple_of_fire
D:8:      layout_layer_cave, mainiacjoe_overflow_alcove_4, serial_shops,
          nicolae_shop_drivethru, nicolae_straight_to_the_point
D:9:      layout_basic, uniq_maggie
Temple:   eino_temple_water

Skill      XL: |  1  2  3  4  5  6  7  8  9 |
---------------+----------------------------+-----
Spellcasting   | 2 3 4 6 7 |  7.0
Stealth        | 2 3 |  3.0
Dodging        | 2 3 |  3.0
Necromancy     | 4 5 6 7 8 |  8.3
Fighting       | 1 2 3 |  3.9
Short Blades   | 1 2 3 |  3.9
Summonings     | 1 3 |  3.3

Action                     |  1- 3 |  4- 6 |  7- 9 || total
---------------------------+-------+-------+-------++-------
  Melee: Short sword       |     3 |    18 |   120 ||   141
   Cast: Necrotise         |    89 |     9 |    34 ||   132
         Vampiric Draining |     3 |    27 |    71 ||   101
         Animate Dead      |       |     8 |     7 ||    15
         Curse of Agony    |       |       |     3 ||     3
  Evoke: Wand              |       |     1 |     1 ||     2
    Use: Scroll            |    12 |     3 |     9 ||    24
         Potion            |       |       |     3 ||     3
   Stab: Invisible         |       |     1 |       ||     1
         Distracted        |       |       |     1 ||     1
 Armour: Robe              |    13 |    26 |    85 ||   124
         Steam dragon scal |       |       |    42 ||    42
  Dodge: Dodged            |    12 |    17 |   115 ||   144
